Map: 16-Bit LE

Players

uThermal

  • Race: Terran Terran
  • Spawn Location: 1:00

HeroMarine - Winner!

  • Race: Terran Terran
  • Spawn Location: 7:00

VOD

Have the link to the VOD?

Description

Time

  • Played on: July 14, 2018, 6:20 a.m.
  • Length: 12:52
Show
View Real Time Build Order
Export as new Build Order

uThermal Terran 

Build Orders: Cyclone Opening, Gas First Reaper Expand, Reaper Expand, Mech 

Get SALT Encoding   

  12  0:01  SCV  
  13  0:13  SCV  
  14  0:18  Supply Depot  
  14  0:25  SCV  
  14  0:28  Refinery  
  15  0:39  SCV  
  16  0:45  Barracks  
  16  0:52  SCV  
  17  1:04  SCV  
  18  1:16  SCV  
  19  1:32  Orbital Command, Reaper  
  20  1:49  Command Center  
  20  1:58  SCV  
  21  2:05  Factory  
  21  2:06  Reaper  
  22  2:10  Refinery  
  22  2:17  Supply Depot  
  22  2:20  SCV  
  23  2:39  SCV  
  24  2:48  Cyclone  
  24  2:50  Barracks Reactor  
  28  2:51  SCV  
  28  3:01  Orbital Command  
  28  3:03  SCV  
  28  3:15  SCV  
  29  3:27  SCV x2  
  29  3:31  Cyclone x2  
  37  3:36  Supply Depot  
  37  3:39  SCV x2  
  38  3:49  Supply Depot  
  38  3:51  SCV  
  38  3:52  SCV  
  39  4:03  Cyclone  
  39  4:04  SCV x2  
  39  4:05  Cyclone  
  47  4:12  Refinery x2  
  47  4:16  SCV x2  
  49  4:28  SCV x2  
  54  4:40  SCV x2, Command Center  
  54  4:44  Cyclone  
  53  4:50  Cyclone  
  53  4:52  SCV  
  57  4:57  Engineering Bay  
  57  4:59  SCV  
  58  5:06  Barracks Tech Lab  
  58  5:08  SCV  
  58  5:09  Factory  
  58  5:13  Supply Depot, SCV  
  60  5:21  SCV  
  61  5:25  SCV  
  62  5:29  Starport  
  62  5:33  Missile Turret  
  62  5:34  Barracks Reactor  
  62  5:35  SCV  
  63  5:38  SCV  
  64  5:47  SCV  
  65  5:50  SCV  
  65  5:51  Hellion x2  
  70  5:59  SCV  
  70  6:02  SCV  
  72  6:05  Siege Tank  
  75  6:11  SCV  
  75  6:14  Supply Depot, SCV  
  75  6:16  Medivac  
  75  6:17  Medivac  
  81  6:23  Orbital Command, SCV  
  82  6:26  SCV  
  82  6:31  Missile Turret  
  83  6:35  SCV  
  83  6:37  Supply Depot  
  83  6:38  SCV  
  85  6:41  Siege Tank  
  85  6:43  Hellion  
  85  6:45  Hellion  
  92  6:47  SCV  
  92  6:50  Missile Turret  
  93  6:56  Supply Depot  
  93  6:57  SCV  
  93  7:00  Armory, SCV x2  
  92  7:01  Armory  
  92  7:05  Viking  
  94  7:08  Viking  
  94  7:09  SCV  
  94  7:12  SCV  
  94  7:14  Supply Depot, Hellion  
  100  7:18  Hellion  
  100  7:20  Supply Depot  
  102  7:23  Siege Tank  
  102  7:24  SCV x2  
  102  7:28  SCV  
  108  7:37  Factory  
  108  7:38  Factory  
  108  7:39  Refinery, SCV, Factory  
  108  7:40  Refinery  
  108  7:42  Viking  
  111  7:47  Viking  
  111  7:48  SCV  
  111  7:50  Supply Depot  
  114  7:54  Terran Vehicle And Ship Armor Level 1, Terran Vehicle Weapons Level 1  
  114  7:57  Hellion  
  116  7:59  SCV x2  
  120  8:05  Hellion  
  120  8:07  Siege Tank  
  120  8:10  Supply Depot  
  120  8:11  SCV  
  124  8:17  Medivac x2  
  128  8:21  Supply Depot  
  128  8:25  Hellion  
  130  8:28  Factory Reactor, Factory Tech Lab x2  
  130  8:31  Supply Depot  
  130  8:33  Hellion  
  132  8:37  Infernal Pre-Igniter  
  132  8:39  Siege Tank  
  135  8:47  Medivac x2  
  139  8:48  Siege Tank  
  139  8:49  Hellion  
  139  8:55  Supply Depot  
  144  8:57  Hellion  
  144  9:02  Siege Tank, Supply Depot  
  149  9:04  Missile Turret  
  149  9:05  Hellion  
  149  9:07  Missile Turret  
  151  9:10  Supply Depot  
  151  9:17  Viking x2  
  151  9:19  Hellion  
  151  9:21  Hellion  
  159  9:26  Supply Depot  
  159  9:27  Hellion  
  161  9:34  Hellion  
  161  9:35  Hellion  
  161  9:37  Hellion  
  167  9:39  Sensor Tower  
  167  9:40  Hellion  
  169  9:49  Hellion  
  171  9:54  Terran Vehicle Weapons Level 2  
  171  9:56  Siege Tank  
  171  9:57  Terran Vehicle And Ship Armor Level 2  
  171  9:58  Siege Tank  
  174  10:00  Hellion  
  174  10:06  Viking  
  178  10:07  Viking  
  178  10:10  Hellion  
  178  10:12  Supply Depot  
  182  10:15  Hellion  
  182  10:17  Hellion  
  182  10:20  Hellion  
  172  10:29  Siege Tank, Hellion  
  172  10:31  Hellion  
  172  10:35  Hellion  
  158  10:38  Hellion  
  158  10:41  Siege Tank, Hellion  
  139  10:44  Viking  
  130  10:50  Viking  
  130  10:52  Siege Tank  
  135  11:01  Siege Tank  
  138  11:11  Command Center  
  138  11:15  Thor  
  144  11:22  Viking  
  144  11:23  Viking  
  148  11:29  Hellion  
  148  11:31  Hellion  
  150  11:33  Hellion  
  150  11:36  Hellion  
  144  11:45  Thor  
  146  11:52  Viking  
  146  11:53  Viking  
  146  12:00  Thor  
  133  12:19  Hellion  
  133  12:21  Hellion  
  133  12:22  Viking  
Show
View Real Time Build Order
Export as new Build Order

HeroMarine Terran - Winner!

Build Orders: Cyclone Opening, MMM Bio 

Get SALT Encoding   

  12  0:00  SCV  
  13  0:12  SCV  
  14  0:17  Supply Depot  
  14  0:24  SCV  
  15  0:30  Refinery  
  15  0:39  SCV  
  16  0:46  Barracks  
  16  0:51  SCV  
  17  0:57  Refinery  
  17  1:03  SCV  
  18  1:15  SCV  
  19  1:35  Factory, Reaper  
  19  1:37  Orbital Command  
  20  1:47  Supply Depot  
  20  2:03  SCV  
  20  2:07  Reaper  
  22  2:15  SCV  
  23  2:18  Cyclone  
  26  2:27  SCV  
  27  2:37  Command Center  
  27  2:40  SCV  
  28  2:48  Starport  
  28  2:51  Barracks Reactor  
  28  2:56  Supply Depot  
  28  3:07  Cyclone  
  28  3:09  SCV  
  31  3:21  SCV  
  31  3:26  Medivac  
  34  3:27  Marine x2  
  34  3:33  SCV  
  37  3:44  Factory Tech Lab  
  37  3:45  SCV, Marine  
  39  3:50  Orbital Command, Marine  
  40  3:56  Starport Tech Lab  
  40  3:57  SCV  
  41  4:09  SCV  
  45  4:15  Banshee  
  45  4:18  SCV  
  45  4:21  SCV  
  49  4:24  Supply Depot  
  49  4:30  SCV  
  48  4:33  SCV  
  48  4:37  Siege Tank  
  48  4:38  Marine x2  
  54  4:46  SCV x2  
  55  4:52  Command Center  
  55  4:55  Bunker, Supply Depot  
  58  5:02  Refinery  
  58  5:03  SCV  
  58  5:04  Refinery  
  56  5:07  SCV  
  56  5:09  Siege Tank  
  56  5:12  Engineering Bay x2  
  60  5:15  Starport Reactor  
  60  5:16  SCV  
  60  5:19  SCV  
  60  5:20  Stimpack  
  62  5:27  Marine  
  62  5:28  SCV  
  64  5:31  SCV  
  65  5:40  SCV, Barracks x2  
  66  5:43  SCV  
  66  5:46  Marine  
  68  5:53  Terran Infantry Weapons Level 1  
  68  5:56  Terran Infantry Armor Level 1  
  68  5:59  SCV x2  
  68  6:04  Siege Tank, Marine  
  70  6:05  Orbital Command  
  70  6:07  Starport Reactor  
  70  6:09  Supply Depot  
  75  6:11  SCV x2  
  76  6:21  Marine  
  76  6:23  SCV x2  
  79  6:26  Orbital Command  
  79  6:28  Barracks  
  79  6:30  Barracks  
  79  6:35  SCV x2, Marine x3  
  79  6:36  Marine  
  79  6:39  Marine  
  85  6:47  SCV  
  85  6:48  SCV  
  85  6:50  Medivac x2  
  85  6:51  Supply Depot  
  85  6:52  Marine  
  92  6:56  Supply Depot x2  
  92  6:57  SCV  
  93  7:09  Supply Depot  
  93  7:13  Marauder, Siege Tank, SCV x3  
  101  7:20  Combat Shield  
  101  7:21  Supply Depot  
  101  7:23  Supply Depot, Barracks Tech Lab x2  
  101  7:25  SCV x3  
  101  7:26  Marine x3  
  104  7:35  Marauder  
  106  7:37  SCV x3  
  106  7:38  Medivac x2  
  113  7:45  Missile Turret  
  113  7:48  Marauder  
  113  7:49  Marauder, SCV x3  
  117  7:54  Armory  
  117  8:01  SCV x3  
  120  8:06  Starport x2  
  120  8:07  Refinery  
  120  8:08  Refinery  
  120  8:10  Marauder x2  
  120  8:12  Supply Depot  
  124  8:13  Marauder  
  124  8:14  SCV  
  124  8:16  Marine x3  
  124  8:17  Marine  
  131  8:23  SCV, Viking  
  131  8:27  Viking  
  133  8:35  Supply Depot  
  133  8:36  Marauder x3, Supply Depot  
  133  8:37  Supply Depot  
  139  8:44  Starport Tech Lab  
  139  8:46  Terran Infantry Armor Level 2, Terran Infantry Weapons Level 2  
  139  8:47  Starport Reactor  
  138  8:49  SCV x2  
  138  8:51  SCV  
  140  8:58  Marauder x2  
  146  9:03  Marauder, Marine  
  146  9:04  Marine  
  146  9:06  Marine x2  
  150  9:19  Viking x2  
  150  9:22  Command Center  
  154  9:24  Viking  
  154  9:26  Liberator  
  154  9:28  Terran Ship Weapons Level 1  
  154  9:29  Viking  
  158  9:32  Liberator  
  158  9:35  Missile Turret  
  158  9:37  Liberator  
  161  9:46  Supply Depot  
  161  9:48  Marauder  
  161  9:49  Marauder x2  
  161  9:50  Liberator  
  161  9:51  Supply Depot  
  161  9:52  Supply Depot  
  172  10:08  Missile Turret  
  172  10:12  Marauder x3  
  172  10:13  Marine x2  
  183  10:15  Marine  
  184  10:22  Viking  
  184  10:26  Viking  
  173  10:33  Marauder  
  173  10:34  Liberator  
  141  10:39  Marauder x2, Marine x4  
  141  10:41  Viking x2  
  123  10:50  Viking  
  123  10:55  Marauder  
  130  10:57  Marine x2  
  130  10:59  Concussive Shells  
  130  11:01  Marauder x2, Marine  
  137  11:04  Marine  
  137  11:07  SCV x3  
  137  11:08  Planetary Fortress  
  141  11:15  Marine x2, Viking  
  141  11:16  Marauder, Barracks  
  147  11:18  Marine  
  147  11:21  Barracks  
  147  11:22  Marauder x2  
  147  11:23  Marine  
  153  11:27  Liberator x2  
  147  11:32  Marine, Viking  
  147  11:33  Marine  
  147  11:36  Marine  
  147  11:37  Marauder  
  146  11:40  Marine  
  146  11:41  Liberator  
  146  11:43  Marauder  
  146  11:44  Marauder  
  154  11:50  Marine  
  154  11:51  Liberator  
  155  11:56  Marine x2  
  155  11:59  Marauder  
  159  12:05  Marauder x2, Marine  
  159  12:06  Refinery x2  
  159  12:08  Marine  
  159  12:19  Marine x2  
  159  12:20  Marauder  
  159  12:23  Marine  
  159  12:25  Barracks Tech Lab  
  159  12:26  Marauder x3, Marine  
Tags
 
Add a new tag
Caveats
  • Supply blocks, unpowered buildings, or Contaminate may cause inaccurate times.
  • Supply counts are checked every 10 seconds.